Map: Prion Terraces

Players

Gaspi - Winner!

  • Race: Terran Terran
  • League: Master

Miszu

  • Race: Terran Terran
  • League: Grandmaster

VOD

Have the link to the VOD?

Description

Time

  • Played on: Feb. 22, 2016, 7:35 a.m.
  • Length: 4:56
Show
View Real Time Build Order
Export as new Build Order

Gaspi Terran - Winner!

Build Orders:  

Get SALT Encoding   

  12  0:00  SCV  
  13  0:13  SCV  
  14  0:17  Supply Depot  
  14  0:25  SCV  
  15  0:39  SCV  
  15  0:40  Barracks  
  16  0:45  Refinery  
  16  0:51  SCV  
  17  1:01  Barracks  
  17  1:03  SCV  
  18  1:15  SCV  
  19  1:27  Orbital Command  
  19  1:29  Reaper  
  19  1:30  Refinery  
  20  1:37  Supply Depot  
  20  1:49  Reaper  
  20  1:53  SCV  
  22  2:01  Reaper  
  23  2:05  SCV  
  24  2:12  Supply Depot  
  24  2:17  SCV  
  24  2:21  Reaper  
  26  2:29  SCV  
  27  2:33  Reaper  
  28  2:41  SCV  
  29  2:53  Reaper, SCV  
  29  2:57  Supply Depot  
  31  2:59  Factory  
  31  3:04  Command Center  
  31  3:05  SCV  
  31  3:11  Reaper  
  33  3:18  SCV  
  33  3:25  Reaper  
  34  3:30  SCV  
  35  3:42  SCV  
  35  3:43  Reaper  
  35  3:45  Hellion  
  35  3:47  Starport  
  39  3:51  Supply Depot  
  39  3:54  SCV  
  40  3:57  Reaper  
  41  4:06  Supply Depot, Hellion  
  43  4:15  Reaper  
  44  4:17  Orbital Command  
  44  4:20  SCV  
  44  4:23  Engineering Bay  
  45  4:24  Medivac  
  45  4:27  Hellion  
  49  4:39  SCV  
  49  4:41  Supply Depot  
Show
View Real Time Build Order
Export as new Build Order

Miszu Terran 

Build Orders:  

Get SALT Encoding   

  12  0:00  SCV  
  13  0:13  SCV  
  14  0:19  Supply Depot  
  14  0:25  SCV  
  15  0:41  Barracks, SCV  
  16  0:44  Refinery  
  16  0:53  SCV  
  17  1:02  Barracks  
  17  1:05  SCV  
  18  1:17  SCV  
  19  1:29  Orbital Command  
  19  1:30  Reaper  
  20  1:36  Barracks  
  20  1:49  Reaper  
  20  1:51  Supply Depot  
  20  1:53  Refinery  
  21  1:56  SCV  
  22  2:04  Reaper  
  23  2:12  SCV  
  23  2:13  Supply Depot  
  24  2:21  Reaper  
  25  2:24  SCV  
  26  2:32  Reaper  
  26  2:36  SCV  
  28  2:40  Reaper  
  29  2:48  SCV  
  30  2:54  Reaper  
  30  3:01  SCV  
  30  3:03  Barracks  
  30  3:04  Reaper, Barracks  
  32  3:12  Reaper  
  33  3:13  SCV  
  34  3:24  Supply Depot  
  34  3:25  SCV  
  34  3:26  Reaper  
  36  3:36  Reaper  
  36  3:37  SCV  
  38  3:46  Command Center  
  38  3:50  Reaper x2  
  38  3:54  Reaper  
  41  4:05  SCV  
  42  4:10  Reaper  
  42  4:11  Barracks Tech Lab  
  43  4:18  Supply Depot, SCV  
  44  4:28  Factory  
  44  4:30  SCV  
  44  4:42  SCV  
Tags
 
Add a new tag
Caveats
  • Supply blocks, unpowered buildings, or Contaminate may cause inaccurate times.
  • Supply counts are checked every 10 seconds.